 Dungeon Crawl Stone Soup version 0.31-a0-986-g5e6e4ef867 (webtiles) character file.

Game seed: 11623778762917943699

15464 jlumianski the Grappler (level 12, -4/82 HPs)
             Began as a Gnoll Shapeshifter on Nov 20, 2023.
             Was an Elder of Hepliaklqana.
             Shot with a bolt by a tengu warrior (32 damage)
             ... on level 13 of the Dungeon on Nov 21, 2023.
             The game lasted 01:08:25 (12483 turns).

jlumianski the Grappler (Gnoll Shapeshifter)       Turns: 12483, Time: 01:08:25

Health: -4/82      AC: 13    Str: 25    XL:     12   Next: 27%
Magic:  22/22      EV: 15    Int: 10    God:    Hepliaklqana [****..]
Gold:   530        SH:  0    Dex: 11    Spells: 24/25 levels left

rFire   . . .        L - +5 battleaxe (venom)
rCold   . . .        (shield currently unavailable)
rNeg    . . .        h - +0 plate armour
rPois   .            (helmet currently unavailable)
rElec   .            (cloak currently unavailable)
rCorr   .            (gloves currently unavailable)
SInv    .            (boots currently unavailable)
Will    .....        Y - amulet of regeneration Stlth
                     r - +5 ring of evasion
HPRegen 1.13/turn    n - +6 ring of strength
MPRegen 0.18/turn

%: no passive effects
@: beast-form
A: beast (slay +4), reduced essence, fangs 1, strong nose, distributed training
a: Begin Untransformation, Renounce Religion, Recall Ancestor, Ancestor
Identity, Transference, Idealise


You were on level 13 of the Dungeon.
You worshipped Hepliaklqana.
Hepliaklqana was greatly pleased with you.
You were a hulking beast.
You visited 2 branches of the dungeon, and saw 14 of its levels.

You collected 761 gold pieces.
You spent 231 gold pieces at shops.

Inventory:

Hand Weapons
 j - a +4 spear of venom
 L - a +5 battleaxe of venom (weapon)
 X - a +5 short sword of freezing
Missiles
 s - 2 atropa-tipped darts
 u - 12 boomerangs (quivered)
 P - 19 poisoned darts
 Z - a curare-tipped dart
Armour
 h - a +0 plate armour (worn)
 l - a +2 leather armour of poison resistance
Jewellery
 f - a ring of magical power
 m - a ring of protection from cold
 n - a +6 ring of strength (right hand)
 q - a ring of resist corrosion
 r - a +5 ring of evasion (left hand)
 A - an amulet of guardian spirit
 F - the ring of Miacw {Will+ Dex+6}
   (You found it on level 8 of the Dungeon)

   [ring of dexterity]

   Dex+6:     It affects your dexterity (+6).
   Will+:     It increases your willpower.
 I - a ring of see invisible
 K - a ring of ice
 Y - an amulet of regeneration (around neck)
Talismans
 c - a beast talisman
 B - a serpent talisman
Wands
 a - a wand of paralysis (10)
 g - a wand of roots (4)
 t - a wand of flame (10)
 y - a wand of polymorph (6)
 G - a wand of mindburst (23)
Scrolls
 e - a scroll of poison
 p - 3 scrolls of blinking
 w - a scroll of fog
 C - a scroll of revelation
 E - a scroll of fear
 J - a scroll of enchant weapon
 S - 6 scrolls of teleportation
Potions
 b - 2 potions of lignification
 i - a potion of heal wounds {unknown}
 k - a potion of brilliance
 o - 2 potions of enlightenment
 v - a potion of haste
 x - a potion of resistance
 z - a potion of cancellation
 D - a potion of magic
 H - 2 potions of curing
 M - a potion of berserk rage
 N - a potion of ambrosia {unknown}
 O - 4 potions of might
 R - a potion of attraction {unknown}
Miscellaneous
 d - a phial of floods


   Skills:
 + Level 7.7 Fighting
 + Level 7.2 Short Blades
 + Level 7.2 Long Blades
 + Level 7.2 Axes
 + Level 7.2 Maces & Flails
 + Level 7.2 Polearms
 + Level 7.2 Staves
 + Level 7.2 Ranged Weapons
 + Level 7.2 Throwing
 + Level 7.2 Armour
 + Level 8.7 Dodging
 + Level 7.2 Stealth
 + Level 7.2 Shields
 + Level 9.8 Unarmed Combat
 + Level 7.2 Spellcasting
 + Level 6.0 Conjurations
 + Level 6.0 Hexes
 + Level 6.0 Summonings
 + Level 6.0 Necromancy
 + Level 6.0 Translocations
 + Level 6.0 Transmutations
 + Level 6.0 Fire Magic
 + Level 6.0 Ice Magic
 + Level 6.0 Air Magic
 + Level 6.0 Earth Magic
 + Level 6.0 Poison Magic
 + Level 8.0 Invocations
 + Level 7.2 Evocations
 + Level 9.4 Shapeshifting


You had 24 spell levels left.
You knew the following spells:

 Your Spells              Type           Power      Damage    Failure   Level
a - Foxfire               Conj/Fire      60%        2x1d7     19%         1

Your spell library contained the following spells:

 Spells                   Type           Power      Damage    Failure   Level
 Apportation              Tloc           30%        N/A       19%         1
 Jinxbite                 Hex            30%        N/A       28%         2
 Sublimation of Blood     Necr           15%        N/A       28%         2
 Ignite Poison            Fire/Tmut/Pois 15%        N/A       50%         3
 Inner Flame              Hex/Fire       15%        N/A       50%         3
 Ozocubu's Armour         Ice            15%        N/A       50%         3
 Flame Wave               Conj/Fire      15%        2d7       88%         4
 Petrify                  Tmut/Erth      15%        N/A       88%         4
 Sticky Flame             Conj/Fire      15%        2d4       88%         4
 Alistair's Intoxication  Tmut/Pois      10%        N/A       99%         5
 Irradiate                Conj/Tmut      7%         3d14      99%         5
 Metabolic Englaciation   Hex/Ice        7%         N/A       99%         5
 Plasma Beam              Fire/Air       7%         2x1d18    100%        6
 Simulacrum               Ice/Necr       7%         N/A       100%        6
 Starburst                Conj/Fire      7%         6d4       100%        6
 Ignition                 Fire           7%         3d5       100%        8


Dungeon Overview and Level Annotations

Branches:
Dungeon (13/15)            Temple (1/1) D:4            Lair (0/5) D:9
    Orc (0/2) D:11
 Vaults: D:13-14

Altars:
Ashenzari
Cheibriados
Dithmenos
Elyvilon
Fedhas
Gozag
Hepliaklqana
Kikubaaqudgha
Makhleb
Nemelex Xobeh
Okawaru
Qazlal
Ru
Sif Muna
Trog
Uskayaw
Vehumet
Wu Jian
Xom
Yredelemnul
Zin
The Shining One

Shops:
D:5 =   D:6 ?

Annotations:
D:4 2 transporters, jimbles's ghost, amateur FoFi


Innate Abilities, Weirdness & Mutations

You are a hulking beast.
Your limbs bulge with bestial killing power. (Slay +4)
Your life essence is reduced to manifest your ancestor. (-10% HP)
You have very sharp teeth.
Your uncanny sense of smell can sniff out nearby items.
Your experience applies equally to all skills.


Message History

The tengu conjurer points at you and mumbles some strange words.
The bolt of lightning misses you.
You hear a shout!
You hear a roar!
A tengu warrior comes into view. It is wielding a +0 battleaxe.
Two slime creatures merge to form a very large slime creature.
Djefatnebti points at the tengu conjurer and mumbles some strange words.
The puff of frost hits the tengu conjurer!
The tengu conjurer gestures wildly while chanting.
There is a stone staircase leading up here.
Djefatnebti points at the tengu conjurer and mumbles some strange words.
The puff of frost hits the tengu conjurer!
You swap places.
A battlesphere comes into view.
The tengu conjurer casts a spell at Djefatnebti.
The bolt of lightning hits you!!
The bolt of lightning hits Djefatnebti!!
Djefatnebti casts a spell at the tengu conjurer.
The stone arrow hits the tengu conjurer!
You closely miss the tengu conjurer.
The tengu conjurer is almost dead.
The tengu conjurer hits you. The tengu conjurer misses you.
The tengu conjurer claws you but does no damage.
The tengu conjurer points at you and mumbles some strange words.
The bolt of lightning hits you.
The bolt of lightning hits Djefatnebti!!
You hear a shout!
You hit the tengu conjurer.
You kill the tengu conjurer!
The battlesphere dissipates.
Your Invocations skill increases to level 8!
You swap places.
The tengu warrior unwields a +0 battleaxe.
The tengu warrior wields a +0 arbalest.
The tengu warrior shoots a bolt.
The bolt barely misses Djefatnebti.
The bolt completely misses you.
The tengu warrior shoots a bolt.
The bolt hits Djefatnebti!!
Djefatnebti is destroyed!
There is a stone staircase leading up here.
The tengu warrior shoots a bolt.
The bolt hits you!!
The tengu warrior shoots a bolt.
The bolt hits you!!
You die...

#.. #..###.#
#..##...##.#
...........#
...#.##.#..######.
..................
...........#######
∆ #.##.##.#.## #
#.#.# #h#.# #.#.#
#.#..
.Q############[###
.......Q...R.Q.#
#.#####J########
#....)....#
#.#.#####.# #.#.#


You could see a tengu warrior.

Vanquished Creatures
  A boulder beetle (D:12)
  2 two-headed ogres (D:6)
  The ghost of mattiecakes the Trooper, a novice GrFi of Qazlal (D:6)
  2 gargoyles
  An unseen horror (D:11)
  A komodo dragon (D:9)
  A tengu conjurer (D:13)
  Sigmund (D:4)
  A shadow (D:10)
  A vampire (D:10)
  16 yaks
  A basilisk (D:9)
  A steam dragon (D:4)
  5 water moccasins
  3 orc warriors
  2 sky beasts
  A black bear (D:4)
  3 centaurs
  2 ogres
  2 phantoms
  2 kobold brigands
  2 gnoll sergeants (D:9)
  5 bullfrogs
  Blork the orc (D:4)
  12 wights
  14 killer bees
  3 howler monkeys
  8 orc priests
  A hound (D:7)
  A jelly (D:7)
  A gnoll bouda (D:6)
  A sleepcap (D:6)
  4 iguanas
  7 orc wizards
  10 gnolls
  14 adders
  A shadow imp (D:7)
  2 white imps
  2 ufetubi (D:4)
  2 worms
  4 dart slugs
  34 orcs
  4 bats
  6 endoplasms
  3 giant cockroaches
  4 goblins
  5 hobgoblins
  8 jackals
  13 kobolds
  4 ball pythons
  A frilled lizard (D:2)
  4 rats
231 creatures vanquished.

Vanquished Creatures (collateral kills)
  2 two-headed ogres
  An ugly thing (D:11)
  2 shadows
  3 yaks
  A wraith (D:11)
  7 orc warriors
  An ice beast (D:7)
  A centaur (D:11)
  A phantom (D:6)
  2 kobold brigands
  2 bullfrogs
  4 wights
  5 killer bees
  A howler monkey (D:7)
  2 orc priests (D:11)
  A gnoll bouda (D:8)
  3 orc wizards
  8 gnolls
  20 orcs
  4 kobolds
71 creatures vanquished.

Vanquished Creatures (others)
  5 battlemagi
  4 ancestors
  21 foxfires
30 creatures vanquished.

Grand Total: 332 creatures vanquished

Notes
Turn   | Place    | Note
-------+----------+-------------------------------------------
     0 | D:1      | jlumianski the Gnoll Shapeshifter began the quest for the
                  | Orb.
     0 | D:1      | Reached XP level 1. HP: 17/17 MP: 1/1
   327 | D:1      | Reached XP level 2. HP: 22/23 MP: 2/2
   912 | D:2      | Found a sparkling altar of Nemelex Xobeh.
   981 | D:2      | Reached XP level 3. HP: 28/28 MP: 4/4
  1068 | D:2      | Reached skill level 1 in Invocations
  1170 | D:3      | Reached skill level 1 in Short Blades
  1170 | D:3      | Reached skill level 1 in Long Blades
  1170 | D:3      | Reached skill level 1 in Axes
  1170 | D:3      | Reached skill level 1 in Maces & Flails
  1170 | D:3      | Reached skill level 1 in Polearms
  1170 | D:3      | Reached skill level 1 in Staves
  1170 | D:3      | Reached skill level 1 in Ranged Weapons
  1170 | D:3      | Reached skill level 1 in Throwing
  1170 | D:3      | Reached skill level 1 in Armour
  1170 | D:3      | Reached skill level 1 in Stealth
  1170 | D:3      | Reached skill level 1 in Shields
  1170 | D:3      | Reached skill level 1 in Spellcasting
  1170 | D:3      | Reached skill level 1 in Evocations
  1205 | D:3      | Reached XP level 4. HP: 34/34 MP: 5/5
  1410 | D:4      | Noticed an ogre
  1539 | D:3      | Found a white marble altar of Elyvilon.
  1611 | D:3      | Found a basalt altar of Yredelemnul.
  1832 | D:2      | Reached skill level 1 in Conjurations
  1832 | D:2      | Reached skill level 1 in Hexes
  1832 | D:2      | Reached skill level 1 in Summonings
  1832 | D:2      | Reached skill level 1 in Necromancy
  1832 | D:2      | Reached skill level 1 in Translocations
  1832 | D:2      | Reached skill level 1 in Transmutations
  1832 | D:2      | Reached skill level 1 in Fire Magic
  1832 | D:2      | Reached skill level 1 in Ice Magic
  1832 | D:2      | Reached skill level 1 in Air Magic
  1832 | D:2      | Reached skill level 1 in Earth Magic
  1832 | D:2      | Reached skill level 1 in Poison Magic
  2430 | D:4      | Killed an ogre
  2431 | D:4      | Reached XP level 5. HP: 37/41 MP: 4/7
  2483 | D:4      | Found a transporter.
  2486 | D:4      | Found a transporter.
  2486 | D:4      | Noticed jimbles's ghost (amateur FoFi)
  2486 | D:4      | Noticed Blork the orc
  2573 | D:4      | Killed Blork the orc
  2574 | D:4      | Reached XP level 6. HP: 47/47 MP: 8/8
  2583 | D:4      | Noticed Sigmund
  2630 | D:4      | Killed Sigmund
  2631 | D:4      | Reached skill level 5 in Dodging
  2724 | D:4      | Reached XP level 7. HP: 40/52 MP: 7/10
  2819 | D:5      | Entered Level 5 of the Dungeon
  3186 | D:4      | Noticed a steam dragon
  3193 | D:4      | Killed a steam dragon
  3366 | D:5      | Found Esikevee's Jewellery Shop.
  3373 | D:4      | Reached XP level 8. HP: 54/60 MP: 10/12
  3531 | D:4      | Found a staircase to the Ecumenical Temple.
  3540 | Temple   | Entered the Ecumenical Temple
  3636 | Temple   | Became a worshipper of Hepliaklqana the Forgotten
  5054 | D:6      | Reached XP level 9. HP: 64/66 MP: 14/14
  5444 | D:6      | Reached * piety under Hepliaklqana
  5561 | D:6      | Found a stormy altar of Qazlal.
  5624 | D:6      | Identified the +3 falchion "Beastslayer" {heavy, Str+3
                  | Int+5}
  5847 | D:6      | Found a runed translucent door.
  5848 | D:6      | Noticed mattiecakes's ghost (novice GrFi)
  5871 | D:6      | Killed mattiecakes's ghost
  5872 | D:6      | Reached skill level 5 in Fighting
  6139 | D:6      | Found Adiane's Magic Scroll Shop.
  6164 | D:6      | Bought a scroll of identify for 28 gold pieces
  6164 | D:6      | Bought a scroll of identify for 28 gold pieces
  6164 | D:6      | Bought a scroll of teleportation for 42 gold pieces
  6164 | D:6      | Bought a scroll of brand weapon for 133 gold pieces
  6260 | D:7      | Reached skill level 5 in Invocations
  6400 | D:7      | Noticed a two-headed ogre
  6400 | D:7      | Noticed a gargoyle
  6530 | D:7      | Noticed a two-headed ogre
  6633 | D:6      | Killed a two-headed ogre
  6634 | D:6      | Reached skill level 5 in Short Blades
  6634 | D:6      | Reached skill level 5 in Long Blades
  6634 | D:6      | Reached skill level 5 in Axes
  6634 | D:6      | Reached skill level 5 in Maces & Flails
  6634 | D:6      | Reached skill level 5 in Polearms
  6634 | D:6      | Reached skill level 5 in Staves
  6634 | D:6      | Reached skill level 5 in Ranged Weapons
  6634 | D:6      | Reached skill level 5 in Throwing
  6634 | D:6      | Reached skill level 5 in Armour
  6634 | D:6      | Reached skill level 5 in Stealth
  6634 | D:6      | Reached skill level 5 in Shields
  6634 | D:6      | Reached skill level 5 in Spellcasting
  6634 | D:6      | Reached skill level 5 in Evocations
  6634 | D:6      | Reached XP level 10. HP: 27/68 MP: 6/17
  6789 | D:6      | Killed a two-headed ogre
  6964 | D:7      | Killed a gargoyle
  7230 | D:7      | Found the +6 shillelagh "Devastator" {shatter}
  7235 | D:7      | Identified the +2 pair of boots of Whack-A-Mole {-Tele
                  | Dex+7}
  7248 | D:7      | Learned a level 1 spell: Foxfire
  7680 | D:7      | Found an iron altar of Okawaru.
  7682 | D:7      | Reached ** piety under Hepliaklqana
  7683 | D:7      | Remembered your ancestor Djefatnebti as a battlemage
  8655 | D:8      | Found a broken altar of Ashenzari.
  8728 | D:8      | Identified the ring of Miacw {Will+ Dex+6}
  8752 | D:8      | Found a shimmering blue altar of Sif Muna.
  8788 | D:8      | Found a radiant altar of Vehumet.
  8788 | D:8      | Found an ornate altar of the Wu Jian Council.
  8983 | D:10     | Entered Level 10 of the Dungeon
  8992 | D:10     | Noticed a gargoyle
  8997 | D:10     | Killed a gargoyle
  8998 | D:10     | Reached XP level 11. HP: 74/74 MP: 19/19
  9227 | D:10     | Reached skill level 5 in Conjurations
  9227 | D:10     | Reached skill level 5 in Hexes
  9227 | D:10     | Reached skill level 5 in Summonings
  9227 | D:10     | Reached skill level 5 in Necromancy
  9227 | D:10     | Reached skill level 5 in Translocations
  9227 | D:10     | Reached skill level 5 in Transmutations
  9227 | D:10     | Reached skill level 5 in Fire Magic
  9227 | D:10     | Reached skill level 5 in Ice Magic
  9227 | D:10     | Reached skill level 5 in Air Magic
  9227 | D:10     | Reached skill level 5 in Earth Magic
  9227 | D:10     | Reached skill level 5 in Poison Magic
  9530 | D:9      | Found a staircase to the Lair.
  9993 | D:9      | Noticed a two-headed ogre
 10001 | D:9      | Killed a two-headed ogre
 10696 | D:9      | Found a burning altar of Makhleb.
 10696 | D:9      | Noticed a green death
 10758 | D:10     | Reached *** piety under Hepliaklqana
 11320 | D:10     | Noticed a two-headed ogre
 11326 | D:10     | Killed a two-headed ogre
 11537 | D:11     | Reached XP level 12. HP: 74/81 MP: 22/22
 11970 | D:11     | Found a staircase to the Orcish Mines.
 12230 | D:11     | Reached **** piety under Hepliaklqana
 12400 | D:12     | Noticed a boulder beetle
 12410 | D:12     | Killed a boulder beetle
 12462 | D:13     | Noticed a tengu warrior
 12483 | D:13     | Shot with a bolt by a tengu warrior

Illustrated notes

Levels and vault maps discovered:
D:1:      tarquinn_simple_flora_water_b, layout_basic, minmay_gold_behind_fungi
D:2:      layout_loops_cross, basic_altar
D:3:      layout_loops_ring, kennysheep_ying_yang
D:4:      layout_rooms, minmay_temple_entry_gardened_gates,
          gammafunk_ghost_arena, uniq_blork_the_orc, uniq_sigmund
D:5:      layout_basic, nicolae_stop_n_shop_1, kennysheep_decorative_pillar
D:6:      minmay_skewed_foursquare, layout_layer_cave,
          mainiacjoe_overflow_alcove_1, ebering_ghost_reflecting_pool,
          kennysheep_small_circle
D:7:      layout_basic, okawaru_metal_pillars_3, dilly_guarded_unrand_devastator
D:8:      layout_gridville, mainiacjoe_overflow_divided_tiny,
          nicolae_ashenzari_panopticon, lemuel_doored_altar, hex_medium,
          chequers_serial_rivers_marsh
D:9:      layout_long_grid, makhleb_altar_promises_db, david_lair_shrubbed,
          st_stairs_7, kennysheep_generic_room_12
D:10:     dreamdust_cave_troll, layout_stronghold
D:11:     layout_cave_pools, minmay_orc_entry_temple_large,
          dreamdust_princess_corridor, lightli_orcish_oven
D:12:     layout_long_grid
D:13:     layout_loops_ring
Temple:   nicolae_temple_figure_eight

Skill      XL: |  1  2  3  4  5  6  7  8  9 10 11 12 |
---------------+-------------------------------------+-----
Invocations    | 1 2 3 4 5 6 7 8 |  8.0
Short Blades   | 1 2 3 5 7 |  7.2
Long Blades    | 1 2 3 5 7 |  7.2
Axes           | 1 2 3 5 7 |  7.2
Maces & Flails | 1 2 3 5 7 |  7.2
Polearms       | 1 2 3 5 7 |  7.2
Staves         | 1 2 3 5 7 |  7.2
Ranged Weapons | 1 2 3 5 7 |  7.2
Throwing       | 1 2 3 5 7 |  7.2
Armour         | 1 2 3 5 7 |  7.2
Stealth        | 1 2 3 5 7 |  7.2
Shields        | 1 2 3 5 7 |  7.2
Spellcasting   | 1 2 3 5 7 |  7.2
Evocations     | 1 2 3 5 7 |  7.2
Conjurations   | 1 2 3 4 5 6 |  6.0
Hexes          | 1 2 3 4 5 6 |  6.0
Summonings     | 1 2 3 4 5 6 |  6.0
Necromancy     | 1 2 3 4 5 6 |  6.0
Translocations | 1 2 3 4 5 6 |  6.0
Transmutations | 1 2 3 4 5 6 |  6.0
Fire Magic     | 1 2 3 4 5 6 |  6.0
Ice Magic      | 1 2 3 4 5 6 |  6.0
Air Magic      | 1 2 3 4 5 6 |  6.0
Earth Magic    | 1 2 3 4 5 6 |  6.0
Poison Magic   | 1 2 3 4 5 6 |  6.0
Fighting       | 3 4 5 6 7 |  7.7
Dodging        | 5 6 7 8 |  8.7
Unarmed Combat | 7 8 9 |  9.8
Shapeshifting  | 7 8 9 |  9.4

Action                     |  1- 3 |  4- 6 |  7- 9 | 10-12 || total
---------------------------+-------+-------+-------+-------++-------
  Melee: Unarmed           |    71 |    80 |   210 |       ||   361
         Bite              |     6 |     7 |    25 |    31 ||    69
         Punch             |     1 |     2 |     8 |       ||    11
         Battleaxe         |       |       |    23 |   241 ||   264
  Throw: Dart              |       |     6 |     2 |     5 ||    13
         Boomerang         |       |     1 |     9 |     7 ||    17
   Cast: Foxfire           |       |       |       |    11 ||    11
 Invoke: Recall Ancestor   |       |       |       |     8 ||     8
         Ancestor Life: Ba |       |       |       |     1 ||     1
  Evoke: Wand              |       |       |     3 |     5 ||     8
         Phial of floods   |       |       |       |     1 ||     1
    Use: Scroll            |       |     4 |    10 |     6 ||    20
         Potion            |       |     1 |     4 |     3 ||     8
   Stab: Invisible         |       |     1 |       |       ||     1
         Sleeping          |       |       |     2 |       ||     2
         Distracted        |       |       |       |     3 ||     3
 Armour: Animal skin       |     7 |       |       |       ||     7
         Ring mail         |    13 |    32 |   119 |    86 ||   250
         Plate armour      |       |       |       |   210 ||   210
  Dodge: Dodged            |    36 |    58 |   222 |   230 ||   546

Table legend: (Time is in decaauts)
 A = Elapsed time spent in this place.
 B = Non-inter-level travel time spent in this place.
 C = Inter-level travel time spent in this place.
 D = Time resting spent in this place.
 E = Time spent auto-exploring this place.
 F = Levels seen in this place.
 G = Mean time per level.
                   A        B        C        D        E       F      G
               +--------+--------+--------+--------+--------+-----+--------+
         Total |  12576 |  12275 |    301 |   2520 |   4807 |  14 |  898.3 |
       Dungeon |  12436 |  12135 |    301 |   2520 |   4807 |  13 |  956.6 |
        Temple |    139 |    139 |      0 |      0 |      0 |   1 |  139.0 |
               +--------+--------+--------+--------+--------+-----+--------+

Top non-repeatable levels by time:
     D:7: 1962 daAuts
     D:6: 1683 daAuts
     D:9: 1461 daAuts
    D:10: 1119 daAuts
     D:5: 1079 daAuts
    D:11: 988 daAuts
     D:4: 930 daAuts
     D:2: 868 daAuts
     D:1: 834 daAuts
     D:3: 822 daAuts
     D:8: 528 daAuts
  Temple: 139 daAuts
    D:12: 110 daAuts
    D:13: 48 daAuts
